Punishers vs Demolitions
(R3)
Created - December 28, 2018 at 21:55
Goals
|
| Punishers |
2 |
1 |
0 |
3 |
| Demolitions |
1 |
2 |
1 |
4 |
|
Shots
|
| Punishers |
9 |
10 |
9 |
28 |
| Demolitions |
18 |
13 |
7 |
38 |
|
1st period
1. Punishers , David Laliberté 16 (Robbie Earl 18, Zack Hamill 40) at 8:14
2. Demolitions , Garnet Hathaway 18 (Justin Falk 23) at 9:45
3. Punishers , Miikka Salomaki 14 (Boone Jenner 11, Tyler Bertuzzi 9) at 15:03
Penalties :
Erik Cole (Vic) for Tripping (Minor) at 1:36
2nd period
4. Punishers , David Laliberté 17 (Zack Hamill 41) at 0:08
5. Demolitions , Phil McRae 8 (Brandon McMillan 10, Aaron Palushaj 6) at 4:57
6. Demolitions , Spencer Machacek 19 (Jonathan Blum 15, Michael Latta 25) at 15:45 (PP)
Penalties :
David Laliberté (Pro) for Hooking (Minor) at 1:32, Jordan Schmaltz (Pro) for Interference (Minor) at 2:18, Carter Ashton (Pro) for Tripping (Minor) at 6:19, Garnet Hathaway (Vic) for Hooking (Minor) at 8:43, Trevor Van Riemsdyk (Pro) for Hooking (Minor) at 12:09, Tyler Bertuzzi (Pro) for Cross-checking (Minor) at 15:36
3rd period
7. Demolitions , Justin Falk 6 (Michael Latta 26, Connor Hellebyuk) at 9:21 (PP)
Penalties :
Colton Gillies (Pro) for Hooking (Minor) at 9:05, Andrej Nestrasil (Vic) for Delaying the game (Minor) at 12:59, Phil McRae (Vic) for Hooking (Minor) at 16:43
Goalie Stats
Louis Domingue (Pro), 34 saves from 38 shots - (0.895), L, 8-6-1, 59:07 minutes
Connor Hellebyuk (Vic), 25 saves from 28 shots - (0.893), W, 10-5-1, 60:00 minutes
Players Stats for Punishers
Player Name G A P +/- PIM S H SB GA TA FO MP PP MP PK MP
------------------------------------------------------------------------------------
Adam Pelech 0 0 0 1 0 0 0 3 0 1 0/0 27:28 4:14 4:43
Boone Jenner 0 1 1 0 0 6 4 0 1 0 3/10 14:00 3:35 0:00
Carter Ashton 0 0 0 0 2 1 1 0 0 1 0/0 11:54 0:20 0:49
Colton Gillies 0 0 0 0 2 3 0 0 0 2 1/3 13:25 0:00 4:15
David Laliberté 2 0 2 2 2 4 3 0 0 0 1/3 19:53 4:06 1:13
Dylan DeMelo 0 0 0 1 0 1 0 1 0 1 0/0 12:46 0:00 0:55
Garret Ross 0 0 0 -1 0 2 0 0 0 0 0/0 10:58 0:06 0:00
Jordan Schmaltz 0 0 0 1 2 0 2 1 0 1 0/0 25:53 4:14 3:21
Madison Bowey 0 0 0 -1 0 1 1 4 0 1 0/0 20:39 3:42 2:25
Mark Jankowski 0 0 0 0 0 1 0 1 0 0 0/5 9:07 0:00 0:00
Michael Joly 0 0 0 -1 0 1 1 0 1 0 0/0 10:48 0:03 0:00
Miikka Salomaki 1 0 1 0 0 3 1 0 0 1 1/2 15:40 3:35 1:40
Patrick Wiercioch 0 0 0 -1 0 1 2 2 0 0 0/0 20:39 3:42 2:25
Radek Faksa 0 0 0 -1 0 1 2 1 0 0 0/1 9:26 0:00 0:00
Robbie Earl 0 1 1 2 0 2 4 2 1 1 0/2 19:22 4:15 0:45
Trevor Van Riemsdyk 0 0 0 1 2 0 2 0 0 0 0/0 12:40 0:00 0:26
Tyler Bertuzzi 0 1 1 0 2 0 0 0 0 0 0/1 13:53 3:33 0:00
Zack Hamill 0 2 2 2 0 1 1 0 2 0 18/36 23:02 4:15 4:21
Players Stats for Demolitions
Player Name G A P +/- PIM S H SB GA TA FO MP PP MP PK MP
------------------------------------------------------------------------------------
Aaron Palushaj 0 1 1 1 0 0 0 1 0 1 0/0 6:49 0:00 0:00
Alex Hutchings 0 0 0 0 0 0 0 0 0 0 0/0 3:00 0:16 1:52
Andrej Nestrasil 0 0 0 0 2 3 2 1 1 0 3/4 11:12 0:00 0:00
Billy Sweat 0 0 0 0 0 1 2 0 1 0 0/1 9:54 0:00 0:00
Brandon McMillan 0 1 1 1 0 3 0 1 1 0 0/1 6:49 0:00 0:00
Cameron Schilling 0 0 0 -2 0 2 1 1 0 1 0/0 18:20 2:16 3:32
Colton Sceviour 0 0 0 0 0 0 0 0 0 0 1/1 4:06 0:00 1:55
Corban Knight 0 0 0 -1 0 2 0 1 1 0 8/10 15:23 2:30 1:51
Derek Forbort 0 0 0 0 0 0 0 1 0 0 0/0 4:16 0:00 0:00
Dmitri Orlov 0 0 0 -2 0 0 3 0 0 0 0/0 18:20 2:16 3:32
Erik Cole 0 0 0 -1 2 4 0 0 0 1 3/4 22:17 4:22 2:12
Garnet Hathaway 1 0 1 -1 2 3 1 0 0 0 1/1 15:16 2:30 1:38
JC Lipon 0 0 0 0 0 0 0 0 0 0 0/0 0:20 0:15 0:00
Joel Vermin 0 0 0 0 0 1 0 0 0 0 0/0 9:54 0:00 0:00
Jonathan Blum 0 1 1 1 0 2 1 0 1 1 0/0 26:52 4:52 4:24
Justin Falk 1 1 2 1 0 2 1 4 0 0 0/0 26:52 4:52 4:24
Lane MacDermid 0 0 0 -1 0 2 0 0 2 0 0/2 13:32 2:30 0:00
Michael Latta 0 2 2 -1 0 2 0 1 0 1 20/35 21:55 4:23 2:32
Nick Pryor 0 0 0 0 0 0 0 0 0 0 0/0 4:16 0:00 0:00
Nick Shore 0 0 0 0 0 0 0 0 0 0 0/0 1:35 0:15 0:00
Phil McRae 1 0 1 1 2 3 0 0 0 0 2/3 6:50 0:00 0:00
Robert Bortuzzo 0 0 0 0 0 0 0 2 0 0 0/0 10:32 0:00 0:00
Ryan Olsen 0 0 0 0 0 0 0 0 0 0 0/0 0:00 0:00 0:00
Spencer Machacek 1 0 1 -1 0 8 3 1 2 0 1/1 23:08 4:23 3:52
Taylor Aronson 0 0 0 0 0 0 0 1 0 0 0/0 10:32 0:00 0:00
3 Stars
1 - David Laliberté (Pro)
2 - Justin Falk (Vic)
3 - Zack Hamill (Pro)
Power Play
Punishers - 0 on 4 Attempt(s) - 0.00%
Demolitions - 2 on 6 Attempt(s) - 33.33%
Penalty Kill
Punishers - 4 on 6 Attempt(s) - 66.67%
- Score 0 goal in Penalty Kill
Demolitions - 4 on 4 Attempt(s) - 100.00%
- Score 0 goal in Penalty Kill
Team Stat
Punishers - Hits : 24 - Faceoff Wins : 24 - Blocked Shots : 15 - Penalty Minutes : 12
Demolitions - Hits : 14 - Faceoff Wins : 39 - Blocked Shots : 15 - Penalty Minutes : 8
Official
Referees : Unknown
Linesman : Unknown
Game Notes
16:17 of 3rd period - Demolitions goal is going for a video replay. After video review, No Goal. The goal has been scored and an ineligible player is on the ice.
Finance
Level 1 -- Attendance: 1489 (74.45%) -- Ticket Income $38,714
Level 2 -- Attendance: 756 (75.60%) -- Ticket Income $6,804
Total Attendance: 2245 (74.83%)
Total Ticket Income: $45,518
Other Income: $2,276
Total Income: $47,794
Punishers
5 vs 5 Forward
Center Left Wing Right Wing Time % Phy DF OF
1 Zack Hamill Robbie Earl David Laliberté 40 1 2 2
2 Boone Jenner Tyler Bertuzzi Miikka Salomaki 30 1 2 2
3 Mark Jankowski Colton Gillies Carter Ashton 20 1 2 2
4 Radek Faksa Garret Ross Michael Joly 10 1 2 2
5 vs 5 Defense
Defense Defense Time % Phy DF OF
1 Adam Pelech Jordan Schmaltz 40 1 2 2
2 Patrick Wiercioch Madison Bowey 30 1 2 2
3 Trevor Van Riemsdyk Dylan DeMelo 20 1 2 2
4 Adam Pelech Jordan Schmaltz 10 1 2 2
PowerPlay Forward
Center Left Wing Right Wing Time % Phy DF OF
1 Zack Hamill Robbie Earl David Laliberté 60 1 2 2
2 Boone Jenner Tyler Bertuzzi Miikka Salomaki 40 1 2 2
PowerPlay Defense
Defense Defense Time % Phy DF OF
1 Adam Pelech Jordan Schmaltz 60 1 2 2
2 Patrick Wiercioch Madison Bowey 40 1 2 2
Penalty Kill 4 Players Forward
Center Wing Time % Phy DF OF
1 Zack Hamill Colton Gillies 60 1 2 2
2 David Laliberté Carter Ashton 40 1 2 2
Penalty Kill 4 Players Defense
Defense Defense Time % Phy DF OF
1 Adam Pelech Jordan Schmaltz 60 1 2 2
2 Patrick Wiercioch Madison Bowey 40 1 2 2
Penalty Kill - 3 Players Forward
Forward Time % Phy DF OF
1 Colton Gillies 60 1 2 2
2 Carter Ashton 40 1 2 2
Penalty Kill - 3 Players Defense
Defense Defense Time % Phy DF OF
1 Adam Pelech Jordan Schmaltz 60 1 2 2
2 Patrick Wiercioch Madison Bowey 40 1 2 2
4 vs 4 Forward
Center Wing Time % Phy DF OF
1 Robbie Earl Colton Gillies 60 1 2 2
2 David Laliberté Carter Ashton 40 1 2 2
4 vs 4 Defense
Defense Defense Time % Phy DF OF
1 Adam Pelech Jordan Schmaltz 60 1 2 2
2 Patrick Wiercioch Madison Bowey 40 1 2 2
Last Minutes Offensive
Center Left Wing Right Wing Defense Defense
Zack Hamill Robbie Earl David Laliberté Madison Bowey Jordan Schmaltz
Last Minutes Defensive
Center Left Wing Right Wing Defense Defense
Zack Hamill Colton Gillies Carter Ashton Adam Pelech Jordan Schmaltz
Goaltenders
Starting : Louis Domingue
Backup : Daniel Altshuller
Extra Forwards
Normal : Tyler Bertuzzi, Boone Jenner, Miikka Salomaki - PP : Carter Ashton, Boone Jenner - PK : Miikka Salomaki
Extra Defensemen
Normal : Trevor Van Riemsdyk, Dylan DeMelo, Patrick Wiercioch - PP : Trevor Van Riemsdyk - PK : Dylan DeMelo, Patrick Wiercioch
Penalty Shots
Boone Jenner, Zack Hamill, Robbie Earl, David Laliberté, Colton Gillies
Scratches
Dan Bertram (Healthy), John Macfarland (Healthy), Stefan Elliott (Healthy), Mattias Tedenby (Healthy), Kristers Gudlevskis (Healthy)
Demolitions
5 vs 5 Forward
Center Left Wing Right Wing Time % Phy DF OF
1 Michael Latta Erik Cole Spencer Machacek 40 1 2 2
2 Corban Knight Lane MacDermid Garnet Hathaway 30 1 2 2
3 Andrej Nestrasil Billy Sweat Joel Vermin 20 1 2 2
4 Phil McRae Brandon McMillan Aaron Palushaj 10 1 2 2
5 vs 5 Defense
Defense Defense Time % Phy DF OF
1 Justin Falk Jonathan Blum 40 1 2 2
2 Cameron Schilling Dmitri Orlov 30 1 2 2
3 Robert Bortuzzo Taylor Aronson 20 1 2 2
4 Derek Forbort Nick Pryor 10 1 2 2
PowerPlay Forward
Center Left Wing Right Wing Time % Phy DF OF
1 Michael Latta Erik Cole Spencer Machacek 60 1 2 2
2 Corban Knight Lane MacDermid Garnet Hathaway 40 1 2 2
PowerPlay Defense
Defense Defense Time % Phy DF OF
1 Justin Falk Jonathan Blum 60 1 2 2
2 Cameron Schilling Dmitri Orlov 40 1 2 2
Penalty Kill 4 Players Forward
Center Wing Time % Phy DF OF
1 Erik Cole Spencer Machacek 60 1 2 2
2 Garnet Hathaway Michael Latta 40 1 2 2
Penalty Kill 4 Players Defense
Defense Defense Time % Phy DF OF
1 Justin Falk Jonathan Blum 60 1 2 2
2 Cameron Schilling Dmitri Orlov 40 1 2 2
Penalty Kill - 3 Players Forward
Forward Time % Phy DF OF
1 Erik Cole 60 1 2 2
2 Spencer Machacek 40 1 2 2
Penalty Kill - 3 Players Defense
Defense Defense Time % Phy DF OF
1 Justin Falk Jonathan Blum 60 1 2 2
2 Cameron Schilling Dmitri Orlov 40 1 2 2
4 vs 4 Forward
Center Wing Time % Phy DF OF
1 Erik Cole Spencer Machacek 60 1 2 2
2 Garnet Hathaway Michael Latta 40 1 2 2
4 vs 4 Defense
Defense Defense Time % Phy DF OF
1 Justin Falk Jonathan Blum 60 1 2 2
2 Cameron Schilling Dmitri Orlov 40 1 2 2
Last Minutes Offensive
Center Left Wing Right Wing Defense Defense
Michael Latta Erik Cole Spencer Machacek Justin Falk Jonathan Blum
Last Minutes Defensive
Center Left Wing Right Wing Defense Defense
Michael Latta Erik Cole Spencer Machacek Justin Falk Jonathan Blum
Goaltenders
Starting : Connor Hellebyuk
Backup : Karri Ramo
Extra Forwards
Normal : Alex Hutchings, Nick Shore, Colton Sceviour - PP : Alex Hutchings, Nick Shore - PK : Colton Sceviour
Extra Defensemen
Normal : Robert Bortuzzo, Taylor Aronson, Derek Forbort - PP : Robert Bortuzzo - PK : Taylor Aronson, Derek Forbort
Penalty Shots
Erik Cole, Spencer Machacek, Garnet Hathaway, Michael Latta, Lane MacDermid
Scratches
Thomas DiPauli (Healthy), Taylor Leier (Healthy), Jake Paterson (Healthy)
% Time on Ice - Punishers
Lines # - Real PCT - Wanted PCT - Time Play
Normal Forward
1 - 36% - 40% - 15:52
2 - 24% - 30% - 10:31
3 - 21% - 20% - 9:07
4 - 19% - 10% - 8:12
Normal Defense
1 - 41% - 40% - 17:52
2 - 30% - 30% - 13:18
3 - 26% - 20% - 11:27
4 - 2% - 10% - 1:05
PP Forward
1 - 55% - 60% - 4:21
2 - 45% - 40% - 3:35
PP Defense
1 - 53% - 60% - 4:14
2 - 47% - 40% - 3:42
PK Forward
1 - 79% - 60% - 4:42
2 - 21% - 40% - 1:13
PK Defense
1 - 70% - 60% - 4:08
2 - 30% - 40% - 1:47
PK3 Forward
1 - 85% - 60% - 1:02
2 - 15% - 40% - 0:11
PK3 Defense
1 - 48% - 60% - 0:35
2 - 52% - 40% - 0:38
44 Forward
1 - 0% - 60%
2 - 0% - 40%
44 Defense
1 - 0% - 60%
2 - 0% - 40%
Last Minute Offensive - 1:14
Last Minute Defensive - 0:00
Total
Forward - 60:00
Defense - 60:00
|
% Time on Ice - Demolitions
Lines # - Real PCT - Wanted PCT - Time Play
Normal Forward
1 - 36% - 40% - 15:49
2 - 26% - 30% - 11:09
3 - 23% - 20% - 9:54
4 - 16% - 10% - 6:49
Normal Defense
1 - 40% - 40% - 17:19
2 - 29% - 30% - 12:32
3 - 22% - 20% - 9:34
4 - 10% - 10% - 4:16
PP Forward
1 - 65% - 60% - 4:38
2 - 35% - 40% - 2:30
PP Defense
1 - 68% - 60% - 4:52
2 - 32% - 40% - 2:16
PK Forward
1 - 73% - 60% - 5:48
2 - 27% - 40% - 2:08
PK Defense
1 - 55% - 60% - 4:24
2 - 45% - 40% - 3:32
PK3 Forward
1 - 0% - 60%
2 - 0% - 40%
PK3 Defense
1 - 0% - 60%
2 - 0% - 40%
44 Forward
1 - 0% - 60%
2 - 0% - 40%
44 Defense
1 - 0% - 60%
2 - 0% - 40%
Last Minute Offensive - 0:00
Last Minute Defensive - 1:15
Total
Forward - 60:00
Defense - 60:00
|
Play by Play
1st period
0:01 of 1st period - Zack Hamill wins face-off versus Michael Latta in neutral zone.
0:33 of 1st period - Wrist shot by Corban Knight.
0:33 of 1st period - Stopped by Louis Domingue with a rebound.
0:35 of 1st period - Backhand shot by Cameron Schilling.
0:35 of 1st period - Stopped by Louis Domingue with a rebound.
0:46 of 1st period - Off-side.
0:47 of 1st period - Andrej Nestrasil wins face-off versus Mark Jankowski in neutral zone.
0:52 of 1st period - Snap shot by Billy Sweat.
0:52 of 1st period - Stopped by Louis Domingue with a rebound.
0:57 of 1st period - Icing by Mark Jankowski.
0:58 of 1st period - Phil McRae wins face-off versus Mark Jankowski in Punishers zone.
1:01 of 1st period - Snap shot by Phil McRae.
1:01 of 1st period - Shot Misses the Net.
1:07 of 1st period - Snap shot by Brandon McMillan.
1:07 of 1st period - Shot Misses the Net.
1:17 of 1st period - Snap shot by Colton Gillies.
1:17 of 1st period - Stopped by Connor Hellebyuk with a rebound.
1:36 of 1st period - Minor Penalty to Erik Cole for Tripping.
1:37 of 1st period - Colton Sceviour wins face-off versus Zack Hamill in Demolitions zone.
2:03 of 1st period - Spencer Machacek is hit by Boone Jenner and loses puck.
2:32 of 1st period - Snap shot by Garnet Hathaway.
2:32 of 1st period - Shot Hit the Post.
3:36 of 1st period - Penalty to Erik Cole is over, Erik Cole is back on ice.
4:08 of 1st period - Wrist shot by Erik Cole.
4:08 of 1st period - Stopped by Louis Domingue with a rebound.
5:04 of 1st period - Snap shot by Corban Knight.
5:04 of 1st period - Stopped by Louis Domingue with a rebound.
5:06 of 1st period - Wrist shot by Lane MacDermid.
5:06 of 1st period - Stopped by Louis Domingue without a rebound.
5:07 of 1st period - Corban Knight wins face-off versus Miikka Salomaki in Punishers zone.
5:10 of 1st period - Wrist shot by Lane MacDermid.
5:10 of 1st period - Stopped by Louis Domingue without a rebound.
5:11 of 1st period - Corban Knight wins face-off versus Robbie Earl in Punishers zone.
5:25 of 1st period - Off-side.
5:26 of 1st period - Zack Hamill wins face-off versus Michael Latta in neutral zone.
5:29 of 1st period - Wrist shot by Zack Hamill.
5:29 of 1st period - Shot Misses the Net.
5:31 of 1st period - Slapshot by David Laliberté.
5:31 of 1st period - Stopped by Connor Hellebyuk with a rebound.
5:33 of 1st period - Wrist shot by Zack Hamill.
5:33 of 1st period - Shot Misses the Net.
5:35 of 1st period - Snap shot by Zack Hamill.
5:35 of 1st period - Shot Blocked by Justin Falk.
6:00 of 1st period - Wrist shot by Boone Jenner.
6:00 of 1st period - Shot Misses the Net.
6:18 of 1st period - Wrist shot by Billy Sweat.
6:18 of 1st period - Shot Blocked by Madison Bowey.
6:20 of 1st period - Slapshot by Robert Bortuzzo.
6:20 of 1st period - Shot Misses the Net.
6:22 of 1st period - Backhand shot by Robert Bortuzzo.
6:22 of 1st period - Shot Misses the Net.
6:34 of 1st period - Wrist shot by David Laliberté.
6:34 of 1st period - Deflect By Zack Hamill.
6:34 of 1st period - Shot Blocked by Aaron Palushaj.
6:34 of 1st period - Puck is out of play.
6:35 of 1st period - Zack Hamill wins face-off versus Brandon McMillan in Demolitions zone.
6:50 of 1st period - Wrist shot by Phil McRae.
6:50 of 1st period - Deflect By Aaron Palushaj.
6:50 of 1st period - Shot Blocked by Adam Pelech.
6:50 of 1st period - Puck is out of play.
6:51 of 1st period - Michael Latta wins face-off versus Boone Jenner in Punishers zone.
7:06 of 1st period - Snap shot by Boone Jenner.
7:06 of 1st period - Stopped by Connor Hellebyuk with a rebound.
8:10 of 1st period - Snap shot by David Laliberté.
8:10 of 1st period - Shot Blocked by Spencer Machacek.
8:12 of 1st period - Slapshot by Robbie Earl.
8:12 of 1st period - Shot Hit the Post.
8:14 of 1st period - Wrist shot by David Laliberté.
8:14 of 1st period - Goal by David Laliberté - Punishers : 1 - Demolitions : 0.
8:15 of 1st period - Michael Latta wins face-off versus Boone Jenner in neutral zone.
8:47 of 1st period - Snap shot by Colton Gillies.
8:47 of 1st period - Stopped by Connor Hellebyuk without a rebound.
8:48 of 1st period - Andrej Nestrasil wins face-off versus Mark Jankowski in Demolitions zone.
9:05 of 1st period - Madison Bowey is hit by Billy Sweat and loses puck.
9:43 of 1st period - Snap shot by Garnet Hathaway.
9:43 of 1st period - Stopped by Louis Domingue with a rebound.
9:45 of 1st period - Snap shot by Garnet Hathaway.
9:45 of 1st period - Goal by Garnet Hathaway - Punishers : 1 - Demolitions : 1.
9:46 of 1st period - Michael Latta wins face-off versus Zack Hamill in neutral zone.
10:11 of 1st period - Garnet Hathaway is hit by Boone Jenner and loses puck.
10:18 of 1st period - Garnet Hathaway is hit by Boone Jenner and loses puck.
10:54 of 1st period - Snap shot by Brandon McMillan.
10:54 of 1st period - Shot Blocked by Mark Jankowski.
10:56 of 1st period - Slapshot by Cameron Schilling.
10:56 of 1st period - Stopped by Louis Domingue without a rebound.
10:57 of 1st period - Zack Hamill wins face-off versus Phil McRae in Punishers zone.
11:14 of 1st period - Icing by David Laliberté.
11:15 of 1st period - Zack Hamill wins face-off versus Erik Cole in Punishers zone.
11:15 of 1st period - Zack Hamill is hit by Jonathan Blum.
11:23 of 1st period - Wrist shot by Spencer Machacek.
11:23 of 1st period - Stopped by Louis Domingue without a rebound.
11:24 of 1st period - Michael Latta wins face-off versus Tyler Bertuzzi in Punishers zone.
11:25 of 1st period - Snap shot by Spencer Machacek.
11:25 of 1st period - Stopped by Louis Domingue without a rebound.
11:26 of 1st period - Boone Jenner wins face-off versus Michael Latta in Punishers zone.
11:41 of 1st period - Snap shot by Erik Cole.
11:41 of 1st period - Stopped by Louis Domingue with a rebound.
12:11 of 1st period - Garnet Hathaway is hit by Patrick Wiercioch and loses puck.
12:26 of 1st period - Slapshot by Colton Gillies.
12:26 of 1st period - Stopped by Connor Hellebyuk with a rebound.
13:01 of 1st period - Jonathan Blum is hit by Boone Jenner and loses puck.
14:14 of 1st period - Radek Faksa is hit by Cameron Schilling and loses puck.
14:25 of 1st period - Snap shot by Boone Jenner.
14:25 of 1st period - Shot Misses the Net.
14:27 of 1st period - Snap shot by Boone Jenner.
14:27 of 1st period - Deflect By Miikka Salomaki.
14:27 of 1st period - Stopped by Connor Hellebyuk with a rebound.
14:31 of 1st period - Slapshot by Miikka Salomaki.
14:31 of 1st period - Stopped by Connor Hellebyuk without a rebound.
14:32 of 1st period - Michael Latta wins face-off versus Boone Jenner in Demolitions zone.
15:03 of 1st period - Slapshot by Miikka Salomaki.
15:03 of 1st period - Goal by Miikka Salomaki - Punishers : 2 - Demolitions : 1.
15:04 of 1st period - Michael Latta wins face-off versus David Laliberté in neutral zone.
16:04 of 1st period - Wrist shot by Mark Jankowski.
16:04 of 1st period - Shot Misses the Net.
16:06 of 1st period - Snap shot by Carter Ashton.
16:06 of 1st period - Shot Blocked by Justin Falk.
16:08 of 1st period - Slapshot by Adam Pelech.
16:08 of 1st period - Shot Blocked by Justin Falk.
18:05 of 1st period - Slapshot by Zack Hamill.
18:05 of 1st period - Shot Misses the Net.
18:25 of 1st period - Snap shot by Spencer Machacek.
18:25 of 1st period - Stopped by Louis Domingue without a rebound.
18:26 of 1st period - Michael Latta wins face-off versus Boone Jenner in Punishers zone.
18:31 of 1st period - Snap shot by Michael Latta.
18:31 of 1st period - Shot Blocked by Jordan Schmaltz.
18:33 of 1st period - Snap shot by Erik Cole.
18:33 of 1st period - Stopped by Louis Domingue without a rebound.
18:34 of 1st period - Zack Hamill wins face-off versus Michael Latta in Punishers zone.
19:03 of 1st period - Slapshot by Andrej Nestrasil.
19:03 of 1st period - Stopped by Louis Domingue without a rebound.
19:04 of 1st period - Boone Jenner wins face-off versus Andrej Nestrasil in Punishers zone.
19:04 of 1st period - Boone Jenner is hit by Billy Sweat.
19:36 of 1st period - Snap shot by Michael Latta.
19:36 of 1st period - Stopped by Louis Domingue without a rebound.
19:37 of 1st period - Michael Latta wins face-off versus Zack Hamill in Punishers zone.
19:38 of 1st period - Snap shot by Spencer Machacek.
19:38 of 1st period - Stopped by Louis Domingue with a rebound.
19:50 of 1st period - Robert Bortuzzo is hit by David Laliberté and loses puck.
Goals for this period are 2 for Punishers vs 1 for Demolitions.
Shots for this period are 9 for Punishers vs 18 for Demolitions.
2nd period
0:01 of 2nd period - Zack Hamill wins face-off versus Lane MacDermid in neutral zone.
0:08 of 2nd period - Wrist shot by David Laliberté.
0:08 of 2nd period - Goal by David Laliberté - Punishers : 3 - Demolitions : 1.
0:09 of 2nd period - Zack Hamill wins face-off versus Corban Knight in neutral zone.
0:22 of 2nd period - Cameron Schilling is hit by David Laliberté and loses puck.
1:04 of 2nd period - Icing by Jonathan Blum.
1:05 of 2nd period - Andrej Nestrasil wins face-off versus Zack Hamill in Demolitions zone.
1:05 of 2nd period - Andrej Nestrasil is hit by Robbie Earl.
1:27 of 2nd period - Wrist shot by Billy Sweat.
1:27 of 2nd period - Shot Blocked by Robbie Earl.
1:32 of 2nd period - Minor Penalty to David Laliberté for Hooking.
1:33 of 2nd period - Zack Hamill wins face-off versus Michael Latta in Punishers zone.
1:45 of 2nd period - Wrist shot by Spencer Machacek.
1:45 of 2nd period - Stopped by Louis Domingue without a rebound.
1:46 of 2nd period - Michael Latta wins face-off versus Zack Hamill in Punishers zone.
1:47 of 2nd period - Slapshot by Jonathan Blum.
1:47 of 2nd period - Stopped by Louis Domingue without a rebound.
1:48 of 2nd period - Erik Cole wins face-off versus Zack Hamill in Punishers zone.
1:53 of 2nd period - Wrist shot by Michael Latta.
1:53 of 2nd period - Shot Misses the Net.
1:55 of 2nd period - Snap shot by Spencer Machacek.
1:55 of 2nd period - Stopped by Louis Domingue without a rebound.
1:56 of 2nd period - Michael Latta wins face-off versus Zack Hamill in Punishers zone.
2:18 of 2nd period - Minor Penalty to Jordan Schmaltz for Interference.
2:19 of 2nd period - Michael Latta wins face-off versus Colton Gillies in Punishers zone.
2:19 of 2nd period - Snap shot by Spencer Machacek.
2:19 of 2nd period - Deflect By Adam Pelech.
2:19 of 2nd period - Shot Blocked by Adam Pelech.
2:19 of 2nd period - Puck is out of play.
2:20 of 2nd period - Michael Latta wins face-off versus Colton Gillies in Punishers zone.
2:21 of 2nd period - Snap shot by Spencer Machacek.
2:21 of 2nd period - Stopped by Louis Domingue with a rebound.
2:23 of 2nd period - Wrist shot by Justin Falk.
2:23 of 2nd period - Stopped by Louis Domingue without a rebound.
2:24 of 2nd period - Colton Gillies wins face-off versus Michael Latta in Punishers zone.
3:32 of 2nd period - Penalty to David Laliberté is over, David Laliberté is back on ice.
4:18 of 2nd period - Penalty to Jordan Schmaltz is over, Jordan Schmaltz is back on ice.
4:47 of 2nd period - Wrist shot by Brandon McMillan.
4:47 of 2nd period - Shot Misses the Net.
4:49 of 2nd period - Slapshot by Phil McRae.
4:49 of 2nd period - Stopped by Louis Domingue with a rebound.
4:51 of 2nd period - Slapshot by Brandon McMillan.
4:51 of 2nd period - Shot Blocked by Radek Faksa.
4:53 of 2nd period - Wrist shot by Aaron Palushaj.
4:53 of 2nd period - Shot Blocked by Patrick Wiercioch.
4:55 of 2nd period - Wrist shot by Brandon McMillan.
4:55 of 2nd period - Deflect By Patrick Wiercioch.
4:55 of 2nd period - Stopped by Louis Domingue with a rebound.
4:57 of 2nd period - Wrist shot by Phil McRae.
4:57 of 2nd period - Goal by Phil McRae - Punishers : 3 - Demolitions : 2.
4:58 of 2nd period - Michael Latta wins face-off versus Zack Hamill in neutral zone.
5:03 of 2nd period - Snap shot by Spencer Machacek.
5:03 of 2nd period - Shot Blocked by Patrick Wiercioch.
5:31 of 2nd period - Snap shot by Colton Gillies.
5:31 of 2nd period - Shot Blocked by Michael Latta.
5:33 of 2nd period - Wrist shot by Mark Jankowski.
5:33 of 2nd period - Stopped by Connor Hellebyuk with a rebound.
5:35 of 2nd period - Wrist shot by Colton Gillies.
5:35 of 2nd period - Deflect By Carter Ashton.
5:35 of 2nd period - Shot Blocked by Justin Falk.
5:35 of 2nd period - Puck is out of play.
5:36 of 2nd period - Corban Knight wins face-off versus Mark Jankowski in Demolitions zone.
5:51 of 2nd period - Wrist shot by Garnet Hathaway.
5:51 of 2nd period - Shot Blocked by Adam Pelech.
6:19 of 2nd period - Minor Penalty to Carter Ashton for Tripping.
6:20 of 2nd period - Zack Hamill wins face-off versus Michael Latta in Punishers zone.
6:20 of 2nd period - Zack Hamill is hit by Spencer Machacek.
6:32 of 2nd period - Slapshot by Jonathan Blum.
6:32 of 2nd period - Stopped by Louis Domingue without a rebound.
6:33 of 2nd period - Zack Hamill wins face-off versus Michael Latta in Punishers zone.
7:48 of 2nd period - Icing by Lane MacDermid.
7:49 of 2nd period - David Laliberté wins face-off versus Lane MacDermid in Demolitions zone.
7:54 of 2nd period - Wrist shot by Robbie Earl.
7:54 of 2nd period - Stopped by Connor Hellebyuk without a rebound.
7:55 of 2nd period - Zack Hamill wins face-off versus Michael Latta in Demolitions zone.
7:58 of 2nd period - Slapshot by Colton Gillies.
7:58 of 2nd period - Shot Misses the Net.
8:14 of 2nd period - Colton Gillies is hit by Spencer Machacek and loses puck.
8:19 of 2nd period - Penalty to Carter Ashton is over, Carter Ashton is back on ice.
8:35 of 2nd period - Slapshot by Miikka Salomaki.
8:35 of 2nd period - Shot Misses the Net.
8:43 of 2nd period - Minor Penalty to Garnet Hathaway for Hooking.
8:44 of 2nd period - Erik Cole wins face-off versus David Laliberté in Demolitions zone.
10:43 of 2nd period - Penalty to Garnet Hathaway is over, Garnet Hathaway is back on ice.
12:09 of 2nd period - Minor Penalty to Trevor Van Riemsdyk for Hooking.
12:10 of 2nd period - Michael Latta wins face-off versus Zack Hamill in Punishers zone.
12:26 of 2nd period - Backhand shot by Michael Latta.
12:26 of 2nd period - Shot Misses the Net.
13:59 of 2nd period - Colton Gillies is hit by Dmitri Orlov and loses puck.
14:09 of 2nd period - Penalty to Trevor Van Riemsdyk is over, Trevor Van Riemsdyk is back on ice.
14:20 of 2nd period - Joel Vermin is hit by Radek Faksa and loses puck.
14:27 of 2nd period - Dylan DeMelo is hit by Andrej Nestrasil and loses puck.
14:50 of 2nd period - Slapshot by Garret Ross.
14:50 of 2nd period - Stopped by Connor Hellebyuk with a rebound.
14:52 of 2nd period - Wrist shot by Garret Ross.
14:52 of 2nd period - Shot Misses the Net.
15:08 of 2nd period - Wrist shot by Radek Faksa.
15:08 of 2nd period - Shot Misses the Net.
15:10 of 2nd period - Wrist shot by Michael Joly.
15:10 of 2nd period - Shot Blocked by Brandon McMillan.
15:12 of 2nd period - Wrist shot by Dylan DeMelo.
15:12 of 2nd period - Stopped by Connor Hellebyuk with a rebound.
15:14 of 2nd period - Wrist shot by Garret Ross.
15:14 of 2nd period - Shot Misses the Net.
15:16 of 2nd period - Slapshot by Dylan DeMelo.
15:16 of 2nd period - Deflect By Garret Ross.
15:16 of 2nd period - Stopped by Connor Hellebyuk without a rebound.
15:17 of 2nd period - Michael Latta wins face-off versus Boone Jenner in Demolitions zone.
15:17 of 2nd period - Michael Latta is hit by Miikka Salomaki.
15:36 of 2nd period - Minor Penalty to Tyler Bertuzzi for Cross-checking.
15:37 of 2nd period - Michael Latta wins face-off versus Zack Hamill in Punishers zone.
15:39 of 2nd period - Snap shot by Michael Latta.
15:39 of 2nd period - Stopped by Louis Domingue without a rebound.
15:40 of 2nd period - Michael Latta wins face-off versus Zack Hamill in Punishers zone.
15:45 of 2nd period - Snap shot by Spencer Machacek.
15:45 of 2nd period - Goal by Spencer Machacek - Punishers : 3 - Demolitions : 3.
15:46 of 2nd period - Spencer Machacek wins face-off versus Zack Hamill in neutral zone.
17:18 of 2nd period - Patrick Wiercioch is hit by Dmitri Orlov and loses puck.
17:42 of 2nd period - Icing by Madison Bowey.
17:43 of 2nd period - Michael Latta wins face-off versus Boone Jenner in Punishers zone.
18:15 of 2nd period - Snap shot by Boone Jenner.
18:15 of 2nd period - Stopped by Connor Hellebyuk with a rebound.
18:17 of 2nd period - Wrist shot by Boone Jenner.
18:17 of 2nd period - Stopped by Connor Hellebyuk with a rebound.
18:23 of 2nd period - Snap shot by Boone Jenner.
18:23 of 2nd period - Shot Misses the Net.
18:25 of 2nd period - Snap shot by Boone Jenner.
18:25 of 2nd period - Stopped by Connor Hellebyuk without a rebound.
18:26 of 2nd period - Zack Hamill wins face-off versus Michael Latta in Demolitions zone.
18:33 of 2nd period - Spencer Machacek is hit by Trevor Van Riemsdyk and loses puck.
18:52 of 2nd period - Robert Bortuzzo is hit by Trevor Van Riemsdyk and loses puck.
19:01 of 2nd period - Snap shot by Garnet Hathaway.
19:01 of 2nd period - Stopped by Louis Domingue with a rebound.
19:19 of 2nd period - Wrist shot by Radek Faksa.
19:19 of 2nd period - Shot Misses the Net.
19:21 of 2nd period - Snap shot by Radek Faksa.
19:21 of 2nd period - Shot Blocked by Derek Forbort.
19:23 of 2nd period - Wrist shot by Radek Faksa.
19:23 of 2nd period - Stopped by Connor Hellebyuk with a rebound.
19:33 of 2nd period - Snap shot by Phil McRae.
19:33 of 2nd period - Shot Blocked by Robbie Earl.
19:36 of 2nd period - Icing by Jordan Schmaltz.
19:37 of 2nd period - Phil McRae wins face-off versus Zack Hamill in Punishers zone.
19:38 of 2nd period - Snap shot by Brandon McMillan.
19:38 of 2nd period - Deflect By Jordan Schmaltz.
19:38 of 2nd period - Stopped by Louis Domingue without a rebound.
19:39 of 2nd period - Zack Hamill wins face-off versus Michael Latta in Punishers zone.
Goals for this period are 1 for Punishers vs 2 for Demolitions.
Shots for this period are 10 for Punishers vs 13 for Demolitions.
3rd period
0:01 of 3rd period - Zack Hamill wins face-off versus Michael Latta in neutral zone.
0:06 of 3rd period - Wrist shot by Erik Cole.
0:06 of 3rd period - Stopped by Louis Domingue with a rebound.
0:18 of 3rd period - Spencer Machacek is hit by David Laliberté and loses puck.
0:35 of 3rd period - Snap shot by Mark Jankowski.
0:35 of 3rd period - Shot Misses the Net.
0:37 of 3rd period - Snap shot by Jordan Schmaltz.
0:37 of 3rd period - Deflect By Carter Ashton.
0:37 of 3rd period - Stopped by Connor Hellebyuk without a rebound.
0:38 of 3rd period - Corban Knight wins face-off versus Boone Jenner in Demolitions zone.
1:27 of 3rd period - Slapshot by Phil McRae.
1:27 of 3rd period - Stopped by Louis Domingue with a rebound.
1:33 of 3rd period - Wrist shot by Phil McRae.
1:33 of 3rd period - Shot Blocked by Madison Bowey.
1:35 of 3rd period - Wrist shot by Brandon McMillan.
1:35 of 3rd period - Stopped by Louis Domingue with a rebound.
1:47 of 3rd period - Snap shot by Radek Faksa.
1:47 of 3rd period - Shot Blocked by Corban Knight.
1:49 of 3rd period - Wrist shot by Michael Joly.
1:49 of 3rd period - Stopped by Connor Hellebyuk without a rebound.
1:50 of 3rd period - Corban Knight wins face-off versus Radek Faksa in Demolitions zone.
1:50 of 3rd period - Corban Knight is hit by Jordan Schmaltz.
2:26 of 3rd period - Snap shot by Zack Hamill.
2:26 of 3rd period - Shot Misses the Net.
3:18 of 3rd period - Radek Faksa is hit by Garnet Hathaway and loses puck.
3:37 of 3rd period - Justin Falk is hit by Robbie Earl and loses puck.
3:44 of 3rd period - Snap shot by Zack Hamill.
3:44 of 3rd period - Stopped by Connor Hellebyuk with a rebound.
4:04 of 3rd period - Snap shot by Andrej Nestrasil.
4:04 of 3rd period - Shot Blocked by Madison Bowey.
4:06 of 3rd period - Snap shot by Jonathan Blum.
4:06 of 3rd period - Deflect By Andrej Nestrasil.
4:06 of 3rd period - Stopped by Louis Domingue with a rebound.
4:16 of 3rd period - Brandon McMillan is hit by Patrick Wiercioch and loses puck.
4:50 of 3rd period - Taylor Aronson is hit by Zack Hamill and loses puck.
5:31 of 3rd period - Snap shot by Boone Jenner.
5:31 of 3rd period - Shot Blocked by Robert Bortuzzo.
5:33 of 3rd period - Slapshot by Madison Bowey.
5:33 of 3rd period - Shot Misses the Net.
5:35 of 3rd period - Snap shot by Miikka Salomaki.
5:35 of 3rd period - Deflect By Boone Jenner.
5:35 of 3rd period - Shot Misses the Net.
5:35 of 3rd period - Puck is out of play.
5:36 of 3rd period - Zack Hamill wins face-off versus Michael Latta in Demolitions zone.
6:06 of 3rd period - Slapshot by Carter Ashton.
6:06 of 3rd period - Shot Hit the Post.
6:15 of 3rd period - Icing by Spencer Machacek.
6:16 of 3rd period - Michael Latta wins face-off versus Zack Hamill in Demolitions zone.
6:31 of 3rd period - Wrist shot by Robbie Earl.
6:31 of 3rd period - Stopped by Connor Hellebyuk without a rebound.
6:32 of 3rd period - Boone Jenner wins face-off versus Corban Knight in Demolitions zone.
6:39 of 3rd period - Wrist shot by Boone Jenner.
6:39 of 3rd period - Stopped by Connor Hellebyuk with a rebound.
6:41 of 3rd period - Snap shot by Tyler Bertuzzi.
6:41 of 3rd period - Shot Misses the Net.
6:43 of 3rd period - Snap shot by Boone Jenner.
6:43 of 3rd period - Shot Misses the Net.
6:45 of 3rd period - Wrist shot by Miikka Salomaki.
6:45 of 3rd period - Shot Misses the Net.
6:47 of 3rd period - Wrist shot by Miikka Salomaki.
6:47 of 3rd period - Shot Misses the Net.
6:57 of 3rd period - Jordan Schmaltz is hit by Justin Falk and loses puck.
7:04 of 3rd period - Snap shot by David Laliberté.
7:04 of 3rd period - Deflect By Zack Hamill.
7:04 of 3rd period - Shot Misses the Net.
7:04 of 3rd period - Puck is out of play.
7:05 of 3rd period - Zack Hamill wins face-off versus Billy Sweat in Demolitions zone.
7:30 of 3rd period - Patrick Wiercioch is hit by Dmitri Orlov and loses puck.
8:00 of 3rd period - Wrist shot by Radek Faksa.
8:00 of 3rd period - Shot Blocked by Taylor Aronson.
8:02 of 3rd period - Slapshot by Madison Bowey.
8:02 of 3rd period - Stopped by Connor Hellebyuk without a rebound.
8:03 of 3rd period - Michael Latta wins face-off versus Zack Hamill in Demolitions zone.
8:03 of 3rd period - Michael Latta is hit by Jordan Schmaltz.
8:51 of 3rd period - Wrist shot by Joel Vermin.
8:51 of 3rd period - Shot Misses the Net.
8:53 of 3rd period - Slapshot by Cameron Schilling.
8:53 of 3rd period - Deflect By Joel Vermin.
8:53 of 3rd period - Stopped by Louis Domingue with a rebound.
9:05 of 3rd period - Minor Penalty to Colton Gillies for Hooking.
9:06 of 3rd period - Miikka Salomaki wins face-off versus Michael Latta in Punishers zone.
9:19 of 3rd period - Slapshot by Justin Falk.
9:19 of 3rd period - Shot Misses the Net.
9:21 of 3rd period - Slapshot by Justin Falk.
9:21 of 3rd period - Goal by Justin Falk - Punishers : 3 - Demolitions : 4.
9:22 of 3rd period - Zack Hamill wins face-off versus Michael Latta in neutral zone.
9:22 of 3rd period - Robbie Earl is hit by Spencer Machacek and loses puck.
9:31 of 3rd period - Wrist shot by David Laliberté.
9:31 of 3rd period - Stopped by Connor Hellebyuk with a rebound.
9:51 of 3rd period - Off-side.
9:52 of 3rd period - Corban Knight wins face-off versus Mark Jankowski in neutral zone.
10:19 of 3rd period - Joel Vermin is hit by Madison Bowey and loses puck.
10:24 of 3rd period - Snap shot by David Laliberté.
10:24 of 3rd period - Shot Hit the Post.
10:26 of 3rd period - Slapshot by Adam Pelech.
10:26 of 3rd period - Shot Blocked by Cameron Schilling.
10:42 of 3rd period - Michael Latta is hit by Radek Faksa and loses puck.
10:51 of 3rd period - Snap shot by Radek Faksa.
10:51 of 3rd period - Deflect By Cameron Schilling.
10:51 of 3rd period - Shot Misses the Net.
10:51 of 3rd period - Puck is out of play.
10:52 of 3rd period - Corban Knight wins face-off versus Robbie Earl in Demolitions zone.
11:29 of 3rd period - Backhand shot by Boone Jenner.
11:29 of 3rd period - Stopped by Connor Hellebyuk with a rebound.
12:59 of 3rd period - Minor Penalty to Andrej Nestrasil for Delaying the game.
13:00 of 3rd period - Erik Cole wins face-off versus Zack Hamill in Demolitions zone.
13:00 of 3rd period - Erik Cole is hit by Robbie Earl.
13:11 of 3rd period - Wrist shot by Jonathan Blum.
13:11 of 3rd period - Shot Blocked by Madison Bowey.
14:59 of 3rd period - Penalty to Andrej Nestrasil is over, Andrej Nestrasil is back on ice.
15:03 of 3rd period - Dmitri Orlov is hit by Carter Ashton.
15:19 of 3rd period - Snap shot by Erik Cole.
15:19 of 3rd period - Shot Misses the Net.
15:34 of 3rd period - Snap shot by Garret Ross.
15:34 of 3rd period - Shot Blocked by Andrej Nestrasil.
15:40 of 3rd period - Dylan DeMelo is hit by Andrej Nestrasil.
16:02 of 3rd period - Andrej Nestrasil is hit by Michael Joly and loses puck.
16:15 of 3rd period - Wrist shot by Erik Cole.
16:15 of 3rd period - Shot Blocked by Dylan DeMelo.
16:17 of 3rd period - Snap shot by Andrej Nestrasil.
16:17 of 3rd period - Demolitions goal is going for a video replay.
16:17 of 3rd period - The goal is refused. The goal has been scored and an ineligible player is on the ice..
16:18 of 3rd period - Corban Knight wins face-off versus Zack Hamill in Punishers zone.
16:21 of 3rd period - Snap shot by Garnet Hathaway.
16:21 of 3rd period - Shot Misses the Net.
16:31 of 3rd period - Justin Falk is hit by Robbie Earl and loses puck.
16:43 of 3rd period - Minor Penalty to Phil McRae for Hooking.
16:44 of 3rd period - Garnet Hathaway wins face-off versus Zack Hamill in Demolitions zone.
18:43 of 3rd period - Penalty to Phil McRae is over, Phil McRae is back on ice.
19:07 of 3rd period - Punishers, Louis Domingue is pulled from the net.
19:57 of 3rd period - Wrist shot by Radek Faksa.
19:57 of 3rd period - Shot Blocked by Robert Bortuzzo.
19:59 of 3rd period - Slapshot by Patrick Wiercioch.
19:59 of 3rd period - Stopped by Connor Hellebyuk with a rebound.
Goals for this period are 0 for Punishers vs 1 for Demolitions.
Shots for this period are 9 for Punishers vs 7 for Demolitions.
Back to the Top